[Event "EYCC Girls U16 2021"]
[Site "Tornelo"]
[Date "2021.10.15"]
[Round "2.10"]
[White "Tsotsonava, Elene"]
[Black "Kaliontzaki, Argyro Evanthia"]
[Result "1-0"]
[ECO "B35"]
[WhiteElo "1887"]
[BlackElo "1282"]
[Annotator "NA"]
[PlyCount "53"]
[EventDate "2021.10.15"]
[EventType "swiss"]
[EventCountry "NET"]
[SourceTitle "playchess.com"]
[Source "ChessBase"]
[SourceQuality "1"]
[TimeControl "5400+30"]

1. e4 c5 2. Nf3 Nc6 3. d4 cxd4 4. Nxd4 g6 5. Nc3 Bg7 $11 6. Be3 Nf6 7. Bc4 Qa5 8. O-O O-O 9. Nb3 Qh5 10. Be2 Qe5 11. f4 Qb8 12. e5 Ne8 13. Nd5 Nc7 14. Bc5 Nxd5 15. Qxd5 b6 16. Ba3 a6 17. Rad1 Ra7 18. h4 Rc7 19. h5 Bb7 20. Qd2 f6 21. hxg6 hxg6 22. Bc4+ Kh7 23. Rf3 Nxe5 24. Rh3+ Bh6 25. fxe5 g5 26. Bd3+ Kg7 27. Bxe7 1-0

[Event "EYCC Girls U16 2021"]
[Site "Tornelo"]
[Date "2021.10.15"]
[Round "2.11"]
[White "Dereka, Konstantina"]
[Black "Bashylina, Luisa"]
[Result "0-1"]
[ECO "D87"]
[WhiteElo "1479"]
[BlackElo "2127"]
[Annotator "NA"]
[PlyCount "126"]
[EventDate "2021.10.15"]
[EventType "swiss"]
[EventCountry "NET"]
[SourceTitle "playchess.com"]
[Source "ChessBase"]
[SourceQuality "1"]
[TimeControl "5400+30"]

1. d4 Nf6 2. c4 g6 3. Nc3 d5 4. cxd5 Nxd5 5. e4 Nxc3 6. bxc3 Bg7 7. Bc4 c5 8. Ne2 Nc6 9. Be3 O-O 10. Rc1 cxd4 11. cxd4 Qa5+ 12. Kf1 Rd8 13. h4 Qa3 14. Rc3 Qd6 15. Rd3 Na5 16. Bf4 Qd7 17. Bd5 e6 18. Bb3 Nxb3 19. axb3 b6 20. h5 Ba6 21. Rd2 Qc6 22. e5 Qe4 23. Be3 Bb7 24. Rh2 $15 Rac8 25. Ng3 Qd5 26. hxg6 fxg6 27. Kg1 Rc3 28. Ne2 Rc7 29. Nf4 Qd7 30. Qb1 Rdc8 31. Ra2 Be4 32. Qa1 Bf5 33. f3 a5 34. g4 Bc2 35. Qb2 Qc6 36. Rf2 Bd1 37. Kg2 g5 38. Nh5 Rf8 39. Nf6+ Bxf6 40. exf6 Qd5 41. Ra1 Bxb3 42. Bxg5 Qxg5 43. Qxb3 Qxf6 44. Qxb6 Rc3 45. Raf1 a4 46. Qb4 Rd3 47. Qxa4 Rxd4 48. Qa7 Rf4 49. Rh1 Qg6 50. Qe3 R8f7 51. Re1 R7f6 52. Kg3 Qg5 53. Qe5 Qg6 54. Qh5 Qxh5 55. gxh5 R4f5 56. Kg4 Kf7 57. Rc1 Rf4+ 58. Kg3 Kg7 59. Re1 R4f5 60. Kg4 Kh6 61. Rxe6 Rg5+ 62. Kh4 Rxe6 63. f4 Rxh5+ 0-1

[Event "EYCC Girls U16 2021"]
[Site "Tornelo"]
[Date "2021.10.15"]
[Round "2.12"]
[White "Allahverdiyeva, Ayan"]
[Black "Egger, Stefanie"]
[Result "1-0"]
[ECO "C77"]
[WhiteElo "2051"]
[BlackElo "1627"]
[Annotator "ChessBase"]
[PlyCount "55"]
[EventDate "2021.10.15"]
[EventType "swiss"]
[EventCountry "NET"]
[SourceTitle "playchess.com"]
[Source "ChessBase"]
[SourceQuality "1"]
[TimeControl "5400+30"]

1. e4 e5 2. Nf3 Nc6 3. Bb5 a6 4. Ba4 Nf6 5. d3 b5 6. Bb3 Bc5 7. Be3 Bb6 8. Bxb6 cxb6 9. d4 exd4 10. e5 Ne4 11. Bd5 Nc5 12. Nxd4 Qc7 13. f4 Bb7 14. Nf5 O-O 15. O-O Nd8 16. b4 Bxd5 17. Ne7+ Kh8 18. Nxd5 Qc6 19. bxc5 Qxc5+ 20. Kh1 Rc8 21. Nbc3 Ne6 22. f5 Nd4 23. f6 g6 24. Qd2 Nf5 25. Rf4 b4 26. Rxb4 Ne3 27. Re4 Nxd5 28. Qh6 1-0

[Event "EYCC Girls U16 2021"]
[Site "Tornelo"]
[Date "2021.10.15"]
[Round "3.1"]
[White "Kanyamarala, Trisha"]
[Black "Hertlein, Irena"]
[Result "1/2-1/2"]
[ECO "D34"]
[WhiteElo "2082"]
[BlackElo "1741"]
[Annotator "NA"]
[PlyCount "100"]
[EventDate "2021.10.15"]
[EventType "swiss"]
[EventCountry "NET"]
[SourceTitle "playchess.com"]
[Source "ChessBase"]
[SourceQuality "1"]
[TimeControl "5400+30"]

1. d4 d5 2. c4 e6 3. Nc3 c5 4. cxd5 exd5 5. Nf3 Nc6 6. g3 Nf6 7. Bg2 Be7 8. O-O O-O 9. b3 Re8 10. Bb2 Bg4 11. dxc5 Bxc5 12. Rc1 Bf8 13. Nb5 Rc8 14. h3 Bh5 15. Nc3 Bxf3 16. Bxf3 Qd7 17. Kh2 Rcd8 18. Nb5 Ne4 19. Nd4 Ne5 20. Bg2 h5 21. Nf3 Nxf3+ 22. Bxf3 h4 23. g4 Bd6+ 24. Kg2 Bb8 25. Rh1 Ng5 26. Qd3 d4 27. Rcd1 Ne6 28. Kf1 Qc7 29. Bc1 Rc8 30. Bd2 Red8 31. Kg2 Nc5 32. Qf5 Re8 33. Qh5 d3 34. e3 Ne4 35. Qxh4 Qe5 36. Bxe4 Qxe4+ 37. f3 Qe5 38. Qf2 Rc2 39. h4 Bd6 40. Kh3 Bb4 41. Rh2 Rec8 42. Qe1 Qb2 43. Rf2 Bxd2 44. Rfxd2 Rxd2 45. Rxd2 Rc2 46. Rxd3 Rh2+ 47. Kg3 Rg2+ 48. Kh3 Rh2+ 49. Kg3 Rg2+ 50. Kh3 Rh2+ 1/2-1/2

[Event "EYCC Girls U16 2021"]
[Site "Tornelo"]
[Date "2021.10.15"]
[Round "3.2"]
[White "Shpakivskaya, Alina"]
[Black "Sulyok, Eszter"]
[Result "1/2-1/2"]
[ECO "B40"]
[WhiteElo "1875"]
[BlackElo "1913"]
[Annotator "NA"]
[PlyCount "105"]
[EventDate "2021.10.15"]
[EventType "swiss"]
[EventCountry "NET"]
[SourceTitle "playchess.com"]
[Source "ChessBase"]
[SourceQuality "1"]
[TimeControl "5400+30"]

1. e4 c5 2. Nf3 e6 3. g3 Nc6 4. Bg2 Nf6 5. Qe2 Qc7 6. O-O d6 7. Rd1 Be7 8. d4 cxd4 9. Nxd4 O-O 10. Nb5 Qb8 11. Bf4 e5 12. Bg5 a6 13. N5c3 Nd4 14. Qd3 Bg4 15. f3 Be6 16. Be3 Nc6 17. Na4 Nd7 18. Nb6 Nxb6 19. Bxb6 Qc8 20. Nc3 Kh8 21. a3 f5 22. Nd5 Bxd5 23. Qxd5 fxe4 24. fxe4 Qg4 25. Qd3 Bd8 26. Be3 Bf6 27. Rf1 Qe6 28. Rad1 Be7 29. Bb6 Rac8 30. Rxf8+ Rxf8 31. Qe2 Nb8 32. Rf1 Bf6 33. Bf3 Qa2 34. Qd3 Qe6 35. Qd1 Be7 36. Rf2 d5 37. Ba7 d4 38. Bg4 Qd6 39. Rxf8+ Bxf8 40. Bxb8 Qxb8 41. Qf3 Qe8 42. Qf5 b6 43. Be2 Bc5 44. Kg2 a5 45. Bh5 Qe7 46. Bg4 g6 47. Qc8+ Kg7 48. a4 Qf8 49. Qxf8+ Kxf8 50. b3 Ke7 51. Be2 Kf6 52. Kf3 Bb4 53. Bc4 1/2-1/2

[Event "EYCC Girls U16 2021"]
[Site "Tornelo"]
[Date "2021.10.15"]
[Round "3.3"]
[White "Follana Albelda, Lucia"]
[Black "Carevic, Milica"]
[Result "1-0"]
[ECO "B90"]
[WhiteElo "1904"]
[BlackElo "1675"]
[Annotator "NA"]
[PlyCount "93"]
[EventDate "2021.10.15"]
[EventType "swiss"]
[EventCountry "NET"]
[SourceTitle "playchess.com"]
[Source "ChessBase"]
[SourceQuality "1"]
[TimeControl "5400+30"]

1. e4 c5 2. Nf3 d6 3. d4 cxd4 4. Nxd4 Nf6 5. Nc3 a6 6. f3 e5 7. Nb3 Be6 8. Nd5 Bxd5 9. exd5 Be7 10. Be3 Nbd7 11. c4 Qc7 12. Bd3 Rc8 13. Rc1 O-O 14. O-O Rfe8 15. Qd2 Nc5 16. Bf5 Nxb3 17. axb3 Rb8 18. b4 b6 19. Rfd1 g6 20. Bh3 Red8 21. b3 Nh5 22. Ra1 Qb7 23. g3 Bf6 24. Ra2 Ra8 25. Bf1 Ng7 26. Bd3 Ne8 27. Be4 Bg7 28. c5 bxc5 29. bxc5 f5 30. c6 Qc7 31. Bd3 a5 32. Rb1 Nf6 33. Bc4 e4 34. Be2 Rdb8 35. b4 axb4 36. Rxa8 Rxa8 37. Rxb4 exf3 38. Bxf3 Ne8 39. Rb7 Qc8 40. Bd4 Bf8 41. Bb2 Bg7 42. Bxg7 Nxg7 43. Qb2 Ne8 44. Qb6 Ra1+ 45. Kf2 Ra2+ 46. Be2 Ra8 47. c7 1-0

[Event "EYCC Girls U16 2021"]
[Site "Tornelo"]
[Date "2021.10.15"]
[Round "3.4"]
[White "Kara, Gulce Nehir"]
[Black "Tsotsonava, Elene"]
[Result "0-1"]
[ECO "B50"]
[WhiteElo "1766"]
[BlackElo "1887"]
[Annotator "NA"]
[PlyCount "56"]
[EventDate "2021.10.15"]
[EventType "swiss"]
[EventCountry "NET"]
[SourceTitle "playchess.com"]
[Source "ChessBase"]
[SourceQuality "1"]
[TimeControl "5400+30"]

1. e4 c5 2. Nf3 e6 3. b3 Nc6 4. Bb2 d6 5. d4 cxd4 6. Nxd4 Nf6 7. Nxc6 bxc6 8. Bd3 Be7 9. O-O O-O 10. e5 dxe5 11. Bxe5 Bb7 12. Qe2 Nd7 13. Bb2 Bf6 14. Bxf6 Qxf6 15. Nd2 c5 16. Ne4 Bxe4 17. Qxe4 g6 18. Bb5 Nb6 19. c4 Rad8 20. Qc6 Qf5 21. a4 Rd3 22. Rab1 Nd7 23. Rfe1 Nf6 24. f3 Rfd8 25. Qc7 Rd2 26. Rbc1 R8d6 27. h4 Qf4 28. Qxc5 Qg3 0-1

[Event "EYCC Girls U16 2021"]
[Site "Tornelo"]
[Date "2021.10.15"]
[Round "3.5"]
[White "Bashylina, Luisa"]
[Black "Striskova, Lucia"]
[Result "1-0"]
[ECO "A89"]
[WhiteElo "2127"]
[BlackElo "1923"]
[Annotator "NA"]
[PlyCount "61"]
[EventDate "2021.10.15"]
[EventType "swiss"]
[EventCountry "NET"]
[SourceTitle "playchess.com"]
[Source "ChessBase"]
[SourceQuality "1"]
[TimeControl "5400+30"]

1. d4 f5 2. c4 Nf6 3. g3 d6 4. Bg2 g6 5. Nf3 Bg7 6. O-O O-O 7. Nc3 Nc6 8. d5 Ne5 9. Nxe5 dxe5 10. e4 f4 11. gxf4 exf4 12. f3 Nd7 13. Ne2 g5 14. Nd4 Ne5 15. c5 Rf6 16. Qb3 Kh8 17. Bd2 Rh6 18. Nf5 Bxf5 19. exf5 b6 20. Bc3 Nd7 21. Bxg7+ Kxg7 22. cxb6 cxb6 23. Rfe1 Rf6 24. Rac1 Nc5 25. Qc4 a5 26. Re5 Qd6 27. Rce1 Ra7 28. Qd4 Kf7 29. Bf1 Rh6 30. Bc4 Rc7 31. Re6 1-0

[Event "EYCC Girls U16 2021"]
[Site "Tornelo"]
[Date "2021.10.15"]
[Round "3.6"]
[White "Pipiras, Filipa Fortuna"]
[Black "Allahverdiyeva, Ayan"]
[Result "0-1"]
[ECO "E63"]
[WhiteElo "1995"]
[BlackElo "2051"]
[Annotator "NA"]
[PlyCount "94"]
[EventDate "2021.10.15"]
[EventType "swiss"]
[EventCountry "NET"]
[SourceTitle "playchess.com"]
[Source "ChessBase"]
[SourceQuality "1"]
[TimeControl "5400+30"]

1. d4 Nf6 2. c4 g6 3. g3 Bg7 4. Bg2 O-O 5. Nf3 d6 6. O-O Nc6 7. Nc3 a6 8. b3 Rb8 9. d5 Na5 10. Bg5 b5 11. cxb5 axb5 12. b4 Nc4 13. Qb3 h6 14. Bxf6 Bxf6 15. a4 e6 16. Rad1 Nb6 17. Nxb5 exd5 18. Nfd4 Bd7 19. a5 Nc8 20. Qxd5 c5 21. Nc6 Ne7 22. Nxe7+ Qxe7 23. Nxd6 cxb4 24. a6 Ba4 25. Ne4 Bxd1 26. a7 Rbd8 27. Nxf6+ Qxf6 28. a8=Q Rxa8 29. Qxd1 Rab8 30. Bd5 Qc3 31. Qb1 Rb6 32. Rc1 Qd2 33. Bb3 Qxe2 34. Re1 Qf3 35. Re3 Qf6 36. Qe4 Qf5 37. Qd4 Rf6 38. Rd3 Re8 39. Rd1 Re2 40. Rf1 Qe5 41. Qxb4 Qb2 42. Qb7 Rexf2 43. Re1 Re2 44. Rd1 Re1+ 45. Rxe1 Qf2+ 46. Kh1 Qxe1+ 47. Kg2 Qf1# 0-1

[Event "EYCC Girls U16 2021"]
[Site "Tornelo"]
[Date "2021.10.15"]
[Round "3.7"]
[White "Zvereva, Margarita"]
[Black "Jovanovic, Anja"]
[Result "1/2-1/2"]
[ECO "C54"]
[WhiteElo "2013"]
[BlackElo "1781"]
[Annotator "NA"]
[PlyCount "82"]
[EventDate "2021.10.15"]
[EventType "swiss"]
[EventCountry "NET"]
[SourceTitle "playchess.com"]
[Source "ChessBase"]
[SourceQuality "1"]
[TimeControl "5400+30"]

1. e4 e5 2. Nf3 Nc6 3. Bc4 Bc5 4. d3 Nf6 5. O-O d6 6. c3 O-O 7. h3 h6 8. Nbd2 a6 9. Bb3 Ba7 10. Re1 Nh5 11. Nf1 Qf6 12. Be3 Nf4 13. d4 Re8 14. Ng3 g5 15. Bxf4 gxf4 16. Ne2 Qg6 17. Kh2 Kh8 18. Bc2 Rg8 19. Rg1 Qf6 20. Qd2 Ne7 21. Nc1 Rg7 22. Nd3 Ng6 23. dxe5 dxe5 24. c4 Be6 25. c5 Bd7 26. Qc3 Re8 27. Rad1 Bc6 28. Nb4 Reg8 29. Nd5 Bxd5 30. exd5 Nh4 31. Nxh4 Qxh4 32. g3 Qf6 33. Be4 fxg3+ 34. fxg3 Qf2+ 35. Rg2 Qxc5 36. Qxe5 Qd6 37. Qf5 Qg6 38. Qxg6 fxg6 39. d6 cxd6 40. Rxd6 Bc5 41. Rd5 b6 1/2-1/2

[Event "EYCC Girls U16 2021"]
[Site "Tornelo"]
[Date "2021.10.15"]
[Round "3.8"]
[White "Cherepanova, Evita"]
[Black "Lomaia, Diana"]
[Result "1/2-1/2"]
[ECO "B47"]
[WhiteElo "1857"]
[BlackElo "2111"]
[Annotator "NA"]
[PlyCount "99"]
[EventDate "2021.10.15"]
[EventType "swiss"]
[EventCountry "NET"]
[SourceTitle "playchess.com"]
[Source "ChessBase"]
[SourceQuality "1"]
[TimeControl "5400+30"]

1. e4 c5 2. Nf3 e6 3. d4 cxd4 4. Nxd4 Nc6 5. Nc3 Qc7 6. Qd3 a6 7. Nxc6 bxc6 8. Qg3 d6 9. Be3 Nf6 10. Be2 Rb8 11. O-O-O e5 12. f4 h5 13. h3 a5 14. Qf2 Qb7 15. b3 a4 16. fxe5 dxe5 17. Bc5 axb3 18. cxb3 Bxc5 19. Qxc5 Nd7 20. Qd6 Rh6 21. Qd2 Qb4 22. g4 Qe7 23. Rhg1 Nc5 24. Qe3 Be6 25. gxh5 Qa7 26. Kc2 Qa3 27. Rxg7 Rh8 28. Qg3 Nd7 29. h6 Rxh6 30. Rg8+ Nf8 31. Qxe5 Rc8 32. Rd6 Rg6 33. Rxg6 Nxg6 34. Qg3 Qc5 35. Rxe6+ fxe6 36. Qxg6+ Kd7 37. Qf7+ Qe7 38. Qxe7+ Kxe7 39. a4 Kd6 40. Bg4 Rb8 41. a5 Ra8 42. b4 c5 43. bxc5+ Kxc5 44. Bxe6 Rxa5 45. h4 Kd4 46. Kd2 Rc5 47. Na4 Ra5 48. Nc3 Rc5 49. Na4 Ra5 50. Nc3 1/2-1/2

[Event "EYCC Girls U16 2021"]
[Site "Tornelo"]
[Date "2021.10.15"]
[Round "3.9"]
[White "Hakobyan, Astghik"]
[Black "Yue, Qizhou"]
[Result "1/2-1/2"]
[ECO "B48"]
[WhiteElo "2017"]
[BlackElo "1842"]
[Annotator "NA"]
[PlyCount "106"]
[EventDate "2021.10.15"]
[EventType "swiss"]
[EventCountry "NET"]
[SourceTitle "playchess.com"]
[Source "ChessBase"]
[SourceQuality "1"]
[TimeControl "5400+30"]

1. e4 c5 2. Nf3 e6 3. d4 cxd4 4. Nxd4 Nc6 5. Nc3 Qc7 6. Be3 a6 7. Qd2 Nf6 8. f3 b5 9. g4 Bb7 10. g5 Nxd4 11. Bxd4 Nh5 12. O-O-O Be7 13. Be5 Qc6 14. Kb1 Rd8 15. Bd6 Bxd6 16. Qxd6 Qxd6 17. Rxd6 Bc6 18. a4 b4 19. Na2 Ke7 20. Rd4 a5 21. Bb5 Bxb5 22. axb5 d5 23. c4 dxc4 24. Rxc4 Rc8 25. Rhc1 Rxc4 26. Rxc4 Rb8 27. Rc7+ Ke8 28. Rc5 Kd7 29. Nc1 Nf4 30. Kc2 Rc8 31. Rxc8 Kxc8 32. Nd3 Ne2 33. Kb3 Nd4+ 34. Kc4 Nxf3 35. Kc5 Kb7 36. h4 Nxh4 37. Ne5 f6 38. gxf6 gxf6 39. Nc6 f5 40. Nxa5+ Kb8 41. Nc6+ Kb7 42. Na5+ Kb8 43. Nc6+ Kb7 44. Nd8+ Kb8 45. exf5 exf5 46. Kb6 f4 47. Nc6+ Kc8 48. Nxb4 f3 49. Nd3 Nf5 50. Kc6 Nd4+ 51. Kc5 Ne6+ 52. Kd6 Nd4 53. Kc5 Ne6+ 1/2-1/2

[Event "EYCC Girls U16 2021"]
[Site "Tornelo"]
[Date "2021.10.15"]
[Round "3.10"]
[White "Russeva, Viktoria"]
[Black "Batagan, Ilinca-Petra"]
[Result "1/2-1/2"]
[ECO "B22"]
[WhiteElo "1713"]
[BlackElo "1977"]
[Annotator "NA"]
[PlyCount "69"]
[EventDate "2021.10.15"]
[EventType "swiss"]
[EventCountry "NET"]
[SourceTitle "playchess.com"]
[Source "ChessBase"]
[SourceQuality "1"]
[TimeControl "5400+30"]

1. e4 c5 2. c3 b6 3. d4 Bb7 4. Bd3 g6 5. Nf3 d6 6. O-O Bg7 7. Re1 Nd7 8. Nbd2 Nh6 9. Nf1 O-O 10. e5 dxe5 11. dxe5 Ng4 12. e6 Nde5 13. Nxe5 Nxe5 14. exf7+ Rxf7 15. Be2 Qc7 16. Be3 Rd8 17. Qc2 Kh8 18. Ng3 Qc6 19. f3 Rff8 20. Rad1 a6 21. Ne4 Qe6 22. b3 c4 23. Bd4 b5 24. Nc5 Qc6 25. bxc4 bxc4 26. Nxb7 Qxb7 27. Rb1 Qd5 28. Red1 Nd3 29. Bxd3 Bxd4+ 30. Kh1 cxd3 31. Qxd3 Qxa2 32. cxd4 Qe6 33. h3 Rd6 34. Re1 Qf6 35. Qe4 1/2-1/2

[Event "EYCC Girls U16 2021"]
[Site "Tornelo"]
[Date "2021.10.15"]
[Round "3.11"]
[White "Tokmakova, Ulyana"]
[Black "Mroz, Lena"]
[Result "1-0"]
[ECO "A34"]
[WhiteElo "1977"]
[BlackElo "1775"]
[Annotator "NA"]
[PlyCount "107"]
[EventDate "2021.10.15"]
[EventType "swiss"]
[EventCountry "NET"]
[SourceTitle "playchess.com"]
[Source "ChessBase"]
[SourceQuality "1"]
[TimeControl "5400+30"]

1. c4 c5 2. Nf3 Nf6 3. g3 d5 4. cxd5 Nxd5 5. Nc3 Nc6 6. Bg2 Nc7 7. O-O e5 8. d3 f6 9. Be3 Bd7 10. Nd2 Be7 11. Nce4 b6 12. f4 exf4 13. Bxf4 O-O 14. Nc4 Ne6 15. Bd6 f5 16. Nc3 Be8 17. Bd5 Bxd6 18. Bxe6+ Kh8 19. Rxf5 Rxf5 20. Bxf5 Be7 21. Be4 Rb8 22. Nd5 Bg5 23. Qf1 Bd7 24. Nd6 Ne5 25. Nf7+ Nxf7 26. Qxf7 Qe8 27. Rf1 Qxf7 28. Rxf7 Bg4 29. Rxa7 Bxe2 30. Kf2 Bg4 31. Nxb6 Kg8 32. Ra8 Rxa8 33. Bxa8 Bf6 34. Bd5+ Kf8 35. Nc4 Bd4+ 36. Kg2 Ke7 37. Be4 h6 38. h3 Be6 39. b3 Kd7 40. Na3 Ke7 41. Nc2 Bc3 42. g4 Kd6 43. Kf3 Bd7 44. Ne3 Bf6 45. a4 Bc3 46. Nc4+ Kc7 47. Bd5 Be8 48. Kf4 Bg6 49. Ne5 Be8 50. Kf5 Kd6 51. Bf7 Bxa4 52. Nc4+ Ke7 53. bxa4 Kxf7 54. a5 1-0

[Event "EYCC Girls U16 2021"]
[Site "Tornelo"]
[Date "2021.10.15"]
[Round "3.12"]
[White "Chuchukova, Stefani"]
[Black "Doll, Rebecca"]
[Result "0-1"]
[ECO "D35"]
[WhiteElo "1698"]
[BlackElo "1970"]
[Annotator "NA"]
[PlyCount "98"]
[EventDate "2021.10.15"]
[EventType "swiss"]
[EventCountry "NET"]
[SourceTitle "playchess.com"]
[Source "ChessBase"]
[SourceQuality "1"]
[TimeControl "5400+30"]

1. d4 Nf6 2. c4 e6 3. Nc3 d5 4. Nf3 Nbd7 5. cxd5 exd5 6. Bg5 c6 7. e3 Be7 8. Bd3 Nh5 9. Bxe7 Qxe7 10. O-O g6 11. Rb1 a5 12. a3 Ndf6 13. Ne5 Ng7 14. b4 Bf5 15. Na4 Bxd3 16. Nxd3 Ne4 17. b5 Nd6 18. bxc6 bxc6 19. Ne5 Ne4 20. Nb6 O-O 21. Nxa8 Nc3 22. Qb3 Nxb1 23. Rxb1 Rxa8 24. Qb7 Qxb7 25. Rxb7 c5 26. dxc5 Rc8 27. c6 f6 28. c7 Ne8 29. Nc6 Kf7 30. Nxa5 Nd6 31. Ra7 Nb5 32. Rb7 Nd6 33. Rb8 Rxc7 34. f3 Nc4 35. Nxc4 dxc4 36. Rb2 Ra7 37. Ra2 c3 38. Kf2 Rb7 39. Kg3 Rb2 40. Ra1 c2 41. Rc1 Ke6 42. Kf4 Kd5 43. a4 Kc4 44. a5 Ra2 45. a6 Kd3 46. e4 Rxa6 47. h4 Kd2 48. Rxc2+ Kxc2 49. g4 h6 0-1

[Event "EYCC Girls U16 2021"]
[Site "Tornelo"]
[Date "2021.10.15"]
[Round "4.1"]
[White "Tsotsonava, Elene"]
[Black "Follana Albelda, Lucia"]
[Result "1/2-1/2"]
[ECO "B94"]
[WhiteElo "1887"]
[BlackElo "1904"]
[Annotator "ChessBase"]
[PlyCount "81"]
[EventDate "2021.10.15"]
[EventType "swiss"]
[EventCountry "NET"]
[SourceTitle "playchess.com"]
[Source "ChessBase"]
[SourceQuality "1"]
[TimeControl "5400+30"]

1. e4 c5 2. Nf3 d6 3. d4 cxd4 4. Nxd4 Nf6 5. Nc3 a6 6. Bg5 Nbd7 7. Qe2 h6 8. Bh4 g6 9. O-O-O e5 10. Nb3 Be7 11. Kb1 b5 12. a3 Bb7 13. f3 Rc8 14. g4 Kf8 15. Qd2 Kg7 16. g5 hxg5 17. Bxg5 Qc7 18. h4 Nb6 19. Na5 Ba8 20. Bxf6+ Bxf6 21. Qxd6 Bxh4 22. Qxc7 Rxc7 23. Rd6 Bf2 24. Rxh8 Kxh8 25. Nd5 Bxd5 26. exd5 Kg7 27. Rc6 Nxd5 28. Rxa6 Re7 29. Rd6 Nf4 30. Nc6 Re8 31. Bxb5 f5 32. Nb4 Rb8 33. Bc6 g5 34. Nd3 Nxd3 35. Rxd3 g4 36. fxg4 fxg4 37. b4 Kf6 38. c4 Kf5 39. Kc2 e4 40. Rd5+ Kf4 41. Rd7 1/2-1/2

[Event "EYCC Girls U16 2021"]
[Site "Tornelo"]
[Date "2021.10.15"]
[Round "4.2"]
[White "Hertlein, Irena"]
[Black "Bashylina, Luisa"]
[Result "0-1"]
[ECO "A16"]
[WhiteElo "1741"]
[BlackElo "2127"]
[Annotator "ChessBase"]
[PlyCount "52"]
[EventDate "2021.10.15"]
[EventType "swiss"]
[EventCountry "NET"]
[SourceTitle "playchess.com"]
[Source "ChessBase"]
[SourceQuality "1"]
[TimeControl "5400+30"]

1. Nf3 Nf6 2. c4 g6 3. Nc3 d5 4. cxd5 Nxd5 5. g3 Bg7 6. Bg2 O-O 7. O-O Nc6 8. Nxd5 Qxd5 9. d3 e5 10. Be3 Qb5 11. Qd2 Be6 12. a4 Qd5 13. Nd4 exd4 14. Bxd5 dxe3 15. Qxe3 Bxd5 16. Qc5 Rad8 17. e4 Be6 18. Qb5 Bh3 19. Rfb1 Nd4 20. Qxb7 f5 21. Qxa7 fxe4 22. dxe4 Nc2 23. Ra2 Bd4 24. Qxc7 Bxf2+ 25. Kh1 Ne3 26. b4 Bg2# 0-1

[Event "EYCC Girls U16 2021"]
[Site "Tornelo"]
[Date "2021.10.15"]
[Round "4.3"]
[White "Sulyok, Eszter"]
[Black "Kanyamarala, Trisha"]
[Result "0-1"]
[ECO "A08"]
[WhiteElo "1913"]
[BlackElo "2082"]
[Annotator "ChessBase"]
[PlyCount "124"]
[EventDate "2021.10.15"]
[EventType "swiss"]
[EventCountry "NET"]
[SourceTitle "playchess.com"]
[Source "ChessBase"]
[SourceQuality "1"]
[TimeControl "5400+30"]

1. Nf3 d5 2. g3 Nf6 3. Bg2 e6 4. O-O c5 5. d3 Nc6 6. Nbd2 Bd6 7. e4 O-O 8. Re1 Qc7 9. Qe2 Nd7 10. c3 Rb8 11. Nh4 Nf6 12. f4 Be7 13. Bf3 b5 14. Ng2 b4 15. Nf1 Ba6 16. Qc2 Rfd8 17. e5 Nd7 18. Be3 bxc3 19. bxc3 d4 20. cxd4 Nb4 21. Qc3 Nxd3 22. Red1 Nb2 23. Rdb1 Nc4 24. d5 exd5 25. Bxd5 Ndxe5 26. fxe5 Rxd5 27. Bf4 Rxb1 28. Rxb1 Qa5 29. Qxa5 Nxa5 30. Nge3 Rd7 31. Nf5 Bd8 32. Nd6 Nc6 33. h4 h6 34. Ne4 Bb6 35. Rc1 c4+ 36. Kh2 Nb4 37. Nfd2 Nd3 38. Rc2 Nxf4 39. gxf4 Rd4 40. Nd6 c3 41. Nb3 Rd3 42. Kg2 Re3 43. Nc1 g6 44. a4 Bd3 45. Nxd3 Rxd3 46. Kf1 Ba5 47. Nc4 Bb4 48. Ke2 Rd4 49. Ne3 Rxf4 50. Nd5 Rxh4 51. Kd3 a5 52. Re2 Rh1 53. Nxb4 axb4 54. Kc4 Rb1 55. a5 Rb2 56. Re1 c2 57. Rc1 b3 58. a6 Ra2 59. Kxb3 Rxa6 60. Rxc2 Rb6+ 61. Ka4 h5 62. Ka5 Rb1 0-1

[Event "EYCC Girls U16 2021"]
[Site "Tornelo"]
[Date "2021.10.15"]
[Round "4.4"]
[White "Allahverdiyeva, Ayan"]
[Black "Shpakivskaya, Alina"]
[Result "1-0"]
[ECO "B12"]
[WhiteElo "2051"]
[BlackElo "1875"]
[Annotator "ChessBase"]
[PlyCount "67"]
[EventDate "2021.10.15"]
[EventType "swiss"]
[EventCountry "NET"]
[SourceTitle "playchess.com"]
[Source "ChessBase"]
[SourceQuality "1"]
[TimeControl "5400+30"]

1. e4 c6 2. d4 d5 3. e5 g6 4. f4 h5 5. Be3 Nh6 6. Nf3 Bg4 7. Be2 e6 8. Bf2 Nf5 9. Qd3 Bxf3 10. Qxf3 Nd7 11. Nd2 h4 12. O-O-O Qb6 13. Nb1 a5 14. g4 Ng7 15. Bd3 a4 16. f5 gxf5 17. gxf5 Nxf5 18. Bxf5 exf5 19. Be3 a3 20. b3 Bh6 21. e6 Ne5 22. exf7+ Kd8 23. Qh3 Nxf7 24. Bxh6 Nxh6 25. Qxh4+ Kd7 26. Rhg1 Qd8 27. Rg7+ Kc8 28. Qf4 Ng8 29. Re1 Rh4 30. Qxh4 Qxh4 31. Re8+ Qd8 32. Rxd8+ Kxd8 33. Rxg8+ Ke7 34. Rxa8 1-0

[Event "EYCC Girls U16 2021"]
[Site "Tornelo"]
[Date "2021.10.15"]
[Round "4.5"]
[White "Shuqja, Klean"]
[Black "Zvereva, Margarita"]
[Result "1/2-1/2"]
[ECO "A06"]
[WhiteElo "1877"]
[BlackElo "2013"]
[Annotator "NA"]
[PlyCount "81"]
[EventDate "2021.10.15"]
[EventType "swiss"]
[EventCountry "NET"]
[SourceTitle "playchess.com"]
[Source "ChessBase"]
[SourceQuality "1"]
[TimeControl "5400+30"]

1. b3 d5 2. Bb2 Nf6 3. e3 Bf5 4. Nf3 h6 5. Ne5 e6 6. Be2 Bd6 7. O-O O-O 8. d3 c5 9. Nd2 Bh7 10. f4 Qc7 11. Ndf3 Nbd7 12. Qe1 Bxe5 13. Bxe5 Nxe5 14. Nxe5 b5 15. Bf3 Rac8 16. a4 b4 17. Rc1 Nd7 18. Ng4 a5 19. Qg3 Kh8 20. Be2 f6 21. Qf3 Qc6 22. Nf2 Nb6 23. c4 bxc3 24. Rxc3 e5 25. Rfc1 $15 {[%emt 0:00:48] [#]} Qd6 $1 26. f5 Qe7 27. R3c2 Bg8 28. d4 cxd4 29. exd4 exd4 30. Qd3 Qe3 31. Qb5 Qxc1+ 32. Rxc1 Rxc1+ 33. Bf1 Nc8 34. Nd3 Rd1 35. Nf4 Bf7 36. Qe2 Rc1 37. Qd2 Rb1 38. Qc2 Re1 39. Qd2 Rb1 40. Qc2 Re1 41. Qd2 1/2-1/2

[Event "EYCC Girls U16 2021"]
[Site "Tornelo"]
[Date "2021.10.15"]
[Round "4.6"]
[White "Mihelic, Vesna"]
[Black "Tokmakova, Ulyana"]
[Result "1-0"]
[ECO "B51"]
[WhiteElo "1882"]
[BlackElo "1977"]
[Annotator "ChessBase"]
[PlyCount "55"]
[EventDate "2021.10.15"]
[EventType "swiss"]
[EventCountry "NET"]
[SourceTitle "playchess.com"]
[Source "ChessBase"]
[SourceQuality "1"]
[TimeControl "5400+30"]

1. e4 c5 2. Nf3 d6 3. Bb5+ Nd7 4. O-O Ngf6 5. Re1 e6 6. c3 Be7 7. d4 O-O 8. h3 a6 9. Bxd7 Nxd7 10. Bf4 b6 11. Nbd2 Bb7 12. e5 dxe5 13. dxe5 b5 14. Ne4 Bxe4 15. Rxe4 Nb6 16. Qc2 Qc7 17. Bg5 Rfd8 18. Rg4 Bxg5 19. Nxg5 g6 20. Qe4 Rd5 21. Qf4 Ra7 22. Nxh7 Rxe5 23. Qh6 Nd5 24. Rd1 Qe7 25. Rh4 c4 26. g4 Rh5 27. Rxh5 gxh5 28. Rxd5 1-0